Lulzor, chaotic male human Wizard --- ---.---- |.....)--- |........-- ---.......| ----....-- --....--- |......| |......-- --......| -----.....-- |.--......| .q.........| .........--- -.....^-- ...| -.- Lulzor the Thaumaturge Experience level: 7 Strength: 9 Dexterity: 17 Constitution: 15 Intelligence: 18 Wisdom: 11 Charisma: 11 Health: 0(62) Energy: 13(54) Def: 4 Gold: 54 Moves: 2832 Dungeon seed: RsGn72ithtusDBpH Game ID: Lulzor_1512050341 Your Inventory: Coins $ - 54 gold pieces Weapons a - a blessed +1 quarterstaff (weapon in hands) t - a +0 sling w - 2 +0 daggers E - a +0 elven dagger R - 2 +0 daggers (in quiver) Armor e - an uncursed +1 cloak of magic resistance (being worn) q - an uncursed +0 mummy wrapping r - an uncursed +0 dwarvish cloak y - an uncursed +0 pair of iron shoes T - an uncursed +0 dwarvish cloak U - an uncursed +0 pair of iron shoes (being worn) Comestibles o - 3 uncursed food rations x - an uncursed tin of wererat meat P - an uncursed tripe ration Scrolls h - 2 uncursed scrolls of destroy armor i - an uncursed scroll of enchant weapon I - an uncursed scroll of earth K - an uncursed scroll of teleportation Spellbooks k - a blessed spellbook of force bolt l - an uncursed spellbook of detect food G - an uncursed spellbook of remove curse Potions p - an uncursed potion of gain ability H - an uncursed potion of healing Rings c - an uncursed ring of invisibility (on left hand) d - an uncursed ring of shock resistance (on right hand) C - an uncursed ring of regeneration Q - a cursed ring of teleportation Wands b - a blessed wand of lightning (0:0) Tools D - an uncursed blindfold M - an uncursed credit card O - an uncursed partly used wax candle (lit) (0:252) S - an uncursed tallow candle (0:200) Gems n - an uncursed worthless piece of orange glass z - an uncursed worthless piece of green glass N - an uncursed worthless piece of blue glass Y - 14 uncursed rocks Spells and supernatural/magical abilities: Name Level Category Fail Memory a - force bolt 1 attack 0% 86% E - detect food 2 divination 51% 86% W - pray for help -- divine ? -- Your skills at the end: Fighting Skills Weapon Skills quarterstaff [Basic] Spellcasting Skills attack spells [Basic] enchantment spells [Basic] Final Attributes: You were piously aligned. You were shock resistant. You were magic-protected. You were invisible. You are dead. Vanquished creatures: a water demon a winter wolf a dwarf king an elf mummy 3 gnome kings a chickatrice a pony 4 gnome lords a gnomish wizard 5 dwarves 2 rothes a werejackal an iguana 2 coyotes 2 gas spores 2 hobbits a giant rat 22 gnomes a gnome zombie a gecko 4 jackals a goblin 3 grid bugs 7 lichens 2 kobold zombies 2 newts 73 creatures vanquished. Voluntary challenges: You used a wielded weapon 75 times, starting on turn 323. You read items or engraved 5 times, starting on turn 1283. You never genocided any monsters. You never polymorphed an object. You never changed form. You used no wishes. You never split a pudding. You never wrote Elbereth's name. You never violated your personal moral code. Dungeon overview: The Dungeons of Doom: levels 1 to 3 Level 1 a long staircase Level 2 Level 3 stairs to The Gnomish Mines The Gnomish Mines: levels 4 to 10 Level 4 stairs to The Dungeons of Doom Level 5 Level 6 Level 7 Level 8 Level 10 <- You were here History has recorded: On T:1 you entered the Dungeons of Doom to retrieve the Amulet of Yendor! On T:456 you advanced to experience level 2. On T:498 you advanced to experience level 3. On T:650 you reached level 2 of The Dungeons of Doom. On T:952 you reached level 3 of The Dungeons of Doom. On T:1237 you advanced to experience level 4. On T:1487 you reached level 1 of The Gnomish Mines. On T:1536 you advanced to experience level 5. On T:1944 you reached level 2 of The Gnomish Mines. On T:2020 you advanced to experience level 6. On T:2270 you reached level 3 of The Gnomish Mines. On T:2290 you reached level 4 of The Gnomish Mines. On T:2326 you reached level 5 of The Gnomish Mines. On T:2427 you advanced to experience level 7. On T:2566 you reached level 7 of The Gnomish Mines. Score breakdown: Gold: 54 ( 5920 points) Experience: 7 levels (13645 points) Exploration: 10 levels ( 19.23%) (12602 points) Discoveries: 5 items ( 1.74%) ( 3952 points) Valuables value: (no points given unless you survive) Artifact value: 0 ( 0 points) Variety of kills: 26 monsters ( 6.82%) ( 7836 points) Turncount: 2832 turns ( -514 points) Survival: died (score multiplied by 80%) Total score: 34752 Latest messages: A leocrotta on the floor of a room. Pick an object. A leocrotta on the floor of a room. Pick an object. A leocrotta on the floor of a room. Pick an object. The floor of a room. Pick an object. Never mind. You hit the leocrotta. The leocrotta hits! The leocrotta bites! The leocrotta hits! (2x) The leocrotta bites! The leocrotta hits! (2x) The leocrotta bites! You die... Final status: Goodbye Lulzor the Wizard, killed by a leocrotta... You died in The Gnomish Mines on dungeon level 10 with 34752 points, and 54 pieces of gold, after 2832 moves. You were level 7 with a maximum of 62 hit points when you died.